Cogmind - Beta 14 @@@ ROGUE MODE // 2024.08.21 @ 00:30:42 Player: human Result: Destroyed by V6-R0C(R) with Subdweller Machine Gun Performance ------------- Evolutions (0) 0 Regions Visited (3) 600 Robots Destroyed (7) 35 Value Destroyed (198) 198 Prototype IDs (3) 60 Alien Tech Used (0) 0 Bonus (0) 0 TOTAL SCORE: 893 Bonus ------- None Cogmind --------- Core Integrity 0/250 Matter 290/300 Energy 228/250 System Corruption 9% Temperature Cool (0) Movement Rolling (115) Ox1 Location -10/Subcaves Parts ------- > --- POWER (1) -------- Ion Engine > --- PROPULSION (2) --- Compact Wheel Compact Wheel > --- UTILITY (2) ------ Large Storage Unit Experimental Sensor Array > --- WEAPON (2) ------- Bore Cannon Makeshift Axe > --- INVENTORY (15) --- Subdweller Power Source Subdweller Monowheel Subdweller Monowheel ECM Suite Makeshift Thermal Plating Scrap Shield Subdweller Machine Gun Battle Cannon Grenade Launcher Datajack Flamer Scrap Shield Fragment (50) Scrap Shield Fragment (49) Peak State ------------ > --- POWER ------------ Ion Engine > --- PROPULSION ------- Compact Wheel Compact Wheel > --- UTILITY ---------- Large Storage Unit Experimental Sensor Array > --- WEAPON ----------- Bore Cannon Makeshift Axe > --- INVENTORY -------- Subdweller Power Source Subdweller Monowheel Subdweller Monowheel ECM Suite Makeshift Thermal Plating Scrap Shield Subdweller Machine Gun Battle Cannon Grenade Launcher Datajack Flamer Scrap Shield Fragment Scrap Shield Fragment [Rating: 24] Favorites ----------- Power Ion Engine Engine Ion Engine Propulsion Compact Wheel Leg Aluminum Leg Wheel Compact Wheel Utility Large Storage Unit Device Terrain Scanner Storage Large Storage Unit Protection Makeshift Thermal Plating Weapon Light Assault Rifle Energy Gun Small Laser Ballistic Gun Light Assault Rifle Ballistic Cannon Battle Cannon Launcher Grenade Launcher Special Weapon Flamer Impact Weapon Hammer Slashing Weapon Makeshift Axe Build | -11 -10 -10 -10 ------- Run | Yrd Mat Min Sub Slots Evolved . | . . . . Power . | . . . . Propulsion . | . . . . Utility . | . . . . Weapon . | . . . . Parts Attached 30 | 6 8 8 8 Power 2 | 1 . . 1 Engine 2 | 1 . . 1 Core . | . . . . Reactor . | . . . . Propulsion 5 | 2 2 1 . Treads . | . . . . Leg 2 | 2 . . . Wheel 3 | . 2 1 . Hover . | . . . . Flight . | . . . . Utility 8 | 1 2 2 3 Device 5 | . 1 2 2 Storage 2 | 1 1 . . Processor . | . . . . Hackware . | . . . . Protection 1 | . . . 1 Artifact . | . . . . Weapon 15 | 2 4 5 4 Energy Gun 2 | 1 1 . . Energy Cannon . | . . . . Ballistic Gun 1 | 1 . . . Ballistic Cannon 2 | . . . 2 Launcher 5 | . 2 3 . Special Weapon 1 | . . . 1 Impact Weapon 3 | . 1 2 . Slashing Weapon 1 | . . . 1 Piercing Weapon . | . . . . Special Melee Weapon . | . . . . Unidentified Prototypes 1 | . . . 1 Corrupted Parts 1 | . 1 . . System Corruption 9 | . 9 . . Parts Lost 4 | . . 3 1 Power . | . . . . Propulsion 1 | . . 1 . Utility 1 | . . 1 . Weapon 2 | . . 1 1 Highest Loss Streak 3 | . . 3 1 To Critical Strikes . | . . . . Average Slot Usage (%) 97 | . 91 99 98 Engine 14 | . 14 14 14 Leg 3 | . 19 . . Wheel 24 | . 8 28 28 Device 10 | . 5 13 9 Storage 14 | . 14 14 14 Protection 1 | . . . 3 Energy Gun 1 | . 8 . . Ballistic Gun 12 | . 14 14 10 Ballistic Cannon 5 | . . . 11 Launcher 8 | . 4 13 5 Peak Build Rating 24 | 6 7 11 24 Average Rating 10 | 4 6 8 13 On Entrance 6 | . 6 7 11 Naked Turns . | . . . . Heaviest Build 41 | 12 30 31 41 Greatest Support 32 | 20 26 32 32 Greatest Overweight (x) 1 | . 1 1 1 Average Overweight (x) . | . . . . Largest Inventory Capacity 15 | 8 15 15 15 Average Capacity 13 | 6 8 15 15 Most Carried 15 | 4 8 13 15 Average Carried 10 | 2 6 9 14 Final Capacity 15 | 8 15 15 15 Final Carried 14 | 3 8 13 14 Class Distribution -------------------- 96% | Mutant 3% | Derelict-Mutant Dominant Class ---------------- Mutant | -10/Materials Mutant | -10/Mines Mutant | -10/Subcaves Resources | -11 -10 -10 -10 ----------- Run | Yrd Mat Min Sub Matter Collected 642 | 210 7 247 178 Remotely . | . . . . Salvage Created 175 | . 100 17 58 Parts 14 | . 9 . 5 Haulers Intercepted . | . . . . Recyclers Shooed . | . . . . Parts Field Recycled . | . . . . Retrieved Matter . | . . . . Parts Self-Destructed . | . . . . Prevented . | . . . . Kills | -11 -10 -10 -10 ------- Run | Yrd Mat Min Sub Combat Hostiles Destroyed 6 | . 3 1 2 Guns 1 | . . . 1 Cannons 1 | . . . 1 AOE 4 | . 3 1 . Classes Destroyed 5 | . 3 . 2 Watcher 1 | . 1 . . Swarmer 1 | . 1 . . Grunt 2 | . 2 . . Artisan 1 | . . . 1 Subdweller 2 | . . . 2 Best Kill Streak 2 | . 2 1 1 Combat Bots Only 2 | . 2 1 1 Max Kills in Single Turn 2 | . 2 1 1 Gunslinging . | . . . . Exploded 1 | . 1 1 . Melee . | . . . . Uniques/NPCs Destroyed 1 | . . 1 . YI-UF0 (-10/Mines) Combat | -11 -10 -10 -10 -------- Run | Yrd Mat Min Sub Hostile Shots Fired 33 | . 12 13 8 Missed 7 | . 3 1 3 Damage Taken 877 | . 159 386 332 Core 262 | . 64 114 84 Absorbed by Shields . | . . . . Core Remaining (%) 100 | 100 . . . Volleys Fired 15 | . 5 3 7 Largest 2 | . 2 2 2 Hottest 96 | . 70 50 96 Shots Fired 31 | . 10 5 16 Gun 14 | . 8 3 3 Cannon 12 | . . . 12 Launcher 5 | . 2 2 1 Special . | . . . . Kinetic 23 | . 5 3 15 Thermal 3 | . 3 . . Explosive 5 | . 2 2 1 Electromagnetic . | . . . . Robot Hit Streak 8 | . 8 5 3 Robot Miss Streak 1 | . 1 . 1 Penetration Max . | . . . . Secondary Targets . | . . . . Shots Hit Robots 22 | . 8 5 9 Core Hits 17 | . 7 5 5 Critical Kills 1 | . . . 1 Critical Parts Destroyed . | . . . . Critical Strikes 3 | . . . 3 Destroy 2 | . . . 2 Blast 1 | . . . 1 Melee Attacks 2 | . 1 1 . Impact 2 | . 1 1 . Slashing . | . . . . Piercing . | . . . . Sneak Attacks . | . . . . Combat Hostiles . | . . . . Follow-up Attacks . | . . . . Damage Inflicted 568 | . 295 40 233 Guns 104 | . 74 22 8 Cannons 142 | . . . 142 Explosions 322 | . 221 18 83 Melee . | . . . . Ramming . | . . . . Kinetic 208 | . 36 22 150 Thermal 94 | . 94 . . Explosive 230 | . 129 18 83 Electromagnetic 36 | . 36 . . Impact . | . . . . Slashing . | . . . . Piercing . | . . . . Highest Corruption 9 | . 9 9 9 Average Corruption 9 | . 9 9 9 Corruption Purged . | . . . . Corruption Blocked . | . . . . Effects 36 | . 1 15 20 Message Errors 7 | . . 2 5 Matter Fused 5 | . 1 2 2 Heat Flow Errors 7 | . . 3 4 Energy Discharges 6 | . . 4 2 Data Loss (minor) 7 | . . 3 4 Data Loss (major) 2 | . . 1 1 Misfires 2 | . . . 2 Overload Shots . | . . . . Overflow Damage 13 | . 13 . . Projectiles . | . . . . Explosions 13 | . 13 . . Melee . | . . . . Knockbacks 1 | . . . 1 Impact . | . . . . Kinetic 1 | . . . 1 Secondary . | . . . . Self-Inflicted Damage 43 | . 40 3 . Shots 3 | . 2 1 . Rammed . | . . . . Targets Rammed . | . . . . Kicked . | . . . . Crushed . | . . . . Highest Temperature 206 | . 58 206 178 Average Temperature 65 | . 22 82 69 Received Heat Transfer 93 | . 60 33 . Siege Activations . | . . . . Robots Corrupted . | . . . . Combat Hostiles . | . . . . Parts Fried . | . . . . Impact Corruptions . | . . . . Robots Melted . | . . . . Combat Hostiles . | . . . . Parts Melted 1 | . . . 1 Heat Transferred 149 | . 149 . . Parts Sabotaged . | . . . . Parts Stolen . | . . . . Parts Stripped . | . . . . Power Chain Reactions 2 | . 2 . . Alert | -11 -10 -10 -10 ------- Run | Yrd Mat Min Sub Peak Influence 163 | . 163 93 . Initial 63 | . . 63 . Average 55 | . 54 66 . Maximum Alert Level . | . . . . Low Security (%) 100 | 100 100 100 . Level 1 . | . . . . Level 2 . | . . . . Level 3 . | . . . . Level 4 . | . . . . Level 5 . | . . . . High Security . | . . . . Max Security . | . . . . Squads Dispatched 1 | . 1 . . Investigation . | . . . . Extermination . | . . . . Reinforcement 1 | . 1 . . Assault . | . . . . Garrison . | . . . . Intercept . | . . . . Searches Triggered . | . . . . Construction Impeded . | . . . . Haulers Reinforced . | . . . . Active Scanning Responses . | . . . . Cargo Convoy Interrupts . | . . . . Stealth | -11 -10 -10 -10 --------- Run | Yrd Mat Min Sub Distress Signals 1 | . 1 . . Communications Jammed . | . . . . Distress Signals . | . . . . Times Spotted 21 | . 8 7 6 Peak Tracking Total 4 | . 4 3 2 Tactical Retreats 2 | . 1 1 . Traps | -11 -10 -10 -10 ------- Run | Yrd Mat Min Sub Traps Triggered . | . . . . Indirectly . | . . . . Trap Hack Attempts . | . . . . Triggered . | . . . . Disarmed . | . . . . Reprogrammed . | . . . . Reused 1 | . . . 1 Traps Extracted . | . . . . Installed 3 | . . . 3 Triggered 1 | . . . 1 Most Traps Carried 3 | . . 3 3 Machines | -11 -10 -10 -10 ---------- Run | Yrd Mat Min Sub Machines Disabled 1 | . 1 . . Max in Single Turn 1 | . 1 . . Machines Repaired . | . . . . Machines Dismantled . | . . . . Machines Sabotaged . | . . . . Overloaded Fab Kills . | . . . . Hacking | -11 -10 -10 -10 --------- Run | Yrd Mat Min Sub Machines Accessed 4 | . 4 . . Terminals 3 | . 3 . . Fabricators . | . . . . Repair Stations . | . . . . Recycling Units 1 | . 1 . . Scanalyzers . | . . . . Garrison Access . | . . . . Total Hacks 10 | . 10 . . Successful 6 | . 6 . . Failed 4 | . 4 . . Catastrophic . | . . . . Database Lockouts . | . . . . Manual 6 | . 6 . . Terminals 8 | . 8 . . Fabricators . | . . . . Repair Stations . | . . . . Recycling Units 2 | . 2 . . Scanalyzers . | . . . . Garrison Access . | . . . . Terminal Hacks 3 | . 3 . . Prototype ID Bank 1 | . 1 . . Zone Layout 2 | . 2 . . Fabricator Hacks . | . . . . Repair Station Hacks . | . . . . Recycling Unit Hacks 2 | . 2 . . Report Inventory 1 | . 1 . . Retrieve Components 1 | . 1 . . Scanalyzer . | . . . . Garrison Access Hacks . | . . . . Unauthorized Hacks 1 | . 1 . . Terminals 1 | . 1 . . Botnet 1 | . 1 . . Fabricators . | . . . . Repair Stations . | . . . . Recycling Units . | . . . . Scanalyzers . | . . . . Garrison Access . | . . . . Data Cores Recovered . | . . . . Used . | . . . . Hacking Detections 3 | . 3 . . Full Trace Events . | . . . . Feedback Events . | . . . . Feedback Blocked . | . . . . Robot Schematics Acquired . | . . . . Robots Built . | . . . . Authchips . | . . . . Time . | . . . . Total Robot Build Rating . | . . . . Part Schematics Acquired . | . . . . Parts Built . | . . . . Authchips . | . . . . Time . | . . . . Total Part Build Rating . | . . . . Parts Repaired . | . . . . Time . | . . . . Parts Recycled . | . . . . Recycled Matter . | . . . . Retrieved Matter . | . . . . Retrieved Components 1 | . 1 . . Parts Scanalyzed . | . . . . Part Schematics Acquired . | . . . . Parts Damaged . | . . . . Bothacking | -11 -10 -10 -10 ------------ Run | Yrd Mat Min Sub Used RIF Installer . | . . . . Robots Hacked . | . . . . Non-combat . | . . . . Combat . | . . . . Robot Hacks Applied . | . . . . Relay Couplers Released . | . . . . Fabnet Peak Effective % . | . . . . Robots Rewired . | . . . . Allies Hacked . | . . . . Hacks Repelled . | . . . . Allies | -11 -10 -10 -10 -------- Run | Yrd Mat Min Sub Total Allies . | . . . . Largest Group . | . . . . Highest-Rated Group . | . . . . Highest-Rated Ally . | . . . . Total Orders . | . . . . Ally Attacks . | . . . . Total Damage . | . . . . Kills . | . . . . Allies Corrupted . | . . . . Allies Melted . | . . . . Intel | -11 -10 -10 -10 ------- Run | Yrd Mat Min Sub Robot Analysis Total . | . . . . Derelict Logs Recovered . | . . . . Drone Launches . | . . . . Drone Recoveries . | . . . . Exploration | -11 -10 -10 -10 ------------- Run | Yrd Mat Min Sub Turns Passed 1247 | 79 193 402 573 Spaces Moved 993 | 57 136 351 449 Core 8 | 8 . . . Treads . | . . . . Legs 152 | 49 103 . . Wheels 833 | . 33 351 449 Hover . | . . . . Flight . | . . . . Fastest Speed 50 | 50 90 100 100 Average Speed 105 | 110 114 102 105 Slowest Speed 120 | 120 120 115 115 Overloaded Moves . | . . . . Propulsion Burnouts . | . . . . Robots Hopped . | . . . . Cave-ins Triggered . | . . . . Exploration Rate (%) 37 | 4 40 73 32 Regions Visited 3 Branch Regions 2 Pre-discovered Areas . | . . . . Known Exits Taken . | . . . . Unknown Exits Taken 3 | 1 1 1 . Scrap Searched 5 | . . 1 4 Spaces Dug 1 | . 1 . . Terrain Destroyed 22 | . 14 3 5 Melee 1 | . 1 . . Projectile 2 | . . . 2 AOE 19 | . 13 3 3 Terrain Rammed . | . . . . Walls Destroyed . | . . . . Machines Disabled . | . . . . Actions | -11 -10 -10 -10 --------- Run | Yrd Mat Min Sub Total 1156 | 73 159 386 538 Wait 58 | . . 12 46 Move 990 | 56 135 350 449 Hop . | . . . . Pick Up 40 | 10 8 10 12 Fast Attach 2 | . . . 2 Attach 11 | 6 1 3 1 Detach . | . . . . Swap 17 | . 7 5 5 Drop 18 | 1 2 2 13 Fire 15 | . 5 3 7 Melee 2 | . 1 1 . Ram . | . . . . Kick . | . . . . Crush . | . . . . Escape Stasis . | . . . . Rewire . | . . . . Trap 3 | . . . 3 Miscellaneous . | . . . . Route ------- -11/Scrapyard -10/Materials -10/Mines (discovered 3 exits: [*Mat x2] / [*Sub]) -10/Subcaves History --------- Turn | Location | Event 8 | -11/Scrapyard | Discovered new exit (range 15) 80 | -11/Scrapyard | Entered Materials 264 | -10/Materials | Discovered new exit (range 9) 273 | -10/Materials | Entered Mines 289 | -10/Mines | Discovered new exit (range 3) 311 | -10/Mines | Build established: Mutant 321 | -10/Mines | Joined a pair of Derelicts in attacking an 0b10 outpost 356 | -10/Mines | Discovered new exit (range 15) 402 | -10/Mines | Found a damaged Exp. Sensor Array with a note attached 404 | -10/Mines | Found Prototype Device 420 | -10/Mines | YI-UF0 nonchalantly dropped a Grenade Launcher on the ground 437 | -10/Mines | Found DCF Scrap (15 items) 457 | -10/Mines | Core integrity fell below 50% 461 | -10/Mines | Destroyed YI-UF0 486 | -10/Mines | Lost 3 parts (1n1u1w) 499 | -10/Mines | Found a hidden stash of uninstalled traps 536 | -10/Mines | Discovered new exit (range 6) 675 | -10/Mines | Entered Subcaves 786 | -10/Subcaves | Ambushed by swarm of Subdwellers 833 | -10/Subcaves | Lost 3 allies 1124 | -10/Subcaves | Core integrity fell below 20% 1167 | -10/Subcaves | Identified Exp. Sensor Array 1173 | -10/Subcaves | A swath of the cavern ceiling suddenly collapsed 1247 | -10/Subcaves | Disturbed a concealed Subdweller 1248 | -10/Subcaves | Destroyed by V6-R0C(R) with Subdweller Machine Gun Last Messages --------------- 01235_ Found 60 Matter. 01236_ System corrupted: Component data lost. 01236_ Acquired 60 matter. 01236_ Searching scrap... 01236_ Found Sub. Monowheel. 01236_ Found Sub. Machine Gun. 01236_ Found 57 Matter. 01237_ Acquired 25 matter. 01237_ Dropped Scrap Shield Fragment. 01239_ Acquired Sub. Machine Gun. 01242_ Searching scrap... 01242_ Found Sub. Optics. 01242_ Found 34 Matter. 01243_ Searching scrap... 01243_ Found Mak. Axe. 01243_ Found 31 Matter. 01245_ Dropped Hammer. 01246_ Acquired Mak. Axe. 01247_ V6-R0C(R) angrily emerges from the Twisted Machinery. Map ----- +----------------------------------------------------+ | ?????????????????????????????????????????????????? | | ?????????????????????????????????????????????????? | | ?????????????????????????????????????????????????? | | ?????????????????????????????????????????????????? | | ?????????????????????????????????????????????????? | | ?????????????????????????????????????????????????? | | ?????????????????????????????????????????????????? | | ?????????????????????????????????????????????????? | | ?????????????????????????????????????????????????? | | ?????????????????????????????????????????????????? | | ?????????????????????????????????????????????????? | | ?????????????????????????????????????????????????? | | ?????????????????????????????????????????????????? | | ?????????????????????????????????????????????????? | | ?????????????????????????????????????????????????? | | ?????????????????????????????????????????????????? | | ?????????????????????????????????????????????????? | | ?????????????????????????????????????????????????? | | ?????????????????????????????????????????????????? | | ?????????????????????????????????????????????????? | | ?????????????????????????????????????????????????? | | ?????????????????????????????????????????????????? | | ?????????????????????????????????????????????????? | | ?????????????????????????????????????????????????? | | ????????????????????????#####????????????????????? | | ???????????????????????##@#=##???????????????????? | | ???????????????????????#%R%=%#???????????????????? | | ###????????????????????##<&###???????????????????? | | "########?????????????###/ #????????????????????? | | #??###????????# # ########??????????????? | | #??# ##??????## " < # #### #?????????? | | $ "#??# #??????# " " ?????????? | | #???# #####??# "" ??????????? | | = ##??# ## #### ## # # #"##??????????? | | %= #### ### # ##?#???????????????? | | [ " # # ## #?##???????????????? | | ## #####???????????? | | " ## # # " #???????????? | | " #### ## # # #??????? | | ## ##??## # #### ## ?????? | | #" "##????## ## ### "##??#? ??????? | | ""#??????#### ###?????? # ???????? | | ""##????????## #?????????????????? | | #"###?????????# ##????????????????? | | ####???????????# #????????????????? | | #??????????????## # ##???????????????? | | ##???????????????## ""## ##??????????????? | | #?????????????????# ###"### ##?????????????? | | ##?????????????????# "#""###""## #?????????????? | | ##?????????????????# #####""# ##"# ????????????? | +----------------------------------------------------+ Best States ------------- Heat Dissipation 25 Energy Generation 10 Energy Capacity 250 Matter Stores 300 Matter Capacity 300 Sight Range 21 Robot Scan Range 20 Terrain Scan Range 16 Terrain Scan Density 10 ECM Strength 1 Armor Coverage 100 Resistance: TH 10 Evasion (%) 55 Item Schematics ----------------- None Robot Schematics ------------------ None Fabricated ------------ Nothing Alien Tech Used ----------------- None Achievements -------------- None Challenges ------------ None Game ------ Seed BraceRestorationNukerbomber Manual? 0 Play Time 00:54:02 Cumulative 13.4 hours Start 2024.08.20 @ 18:57:53 End 2024.08.21 @ 00:30:42 Sessions 1 Manual Loads 0 Difficulty Rogue Special Mode None Game No. 11 Rogue 11 Adventurer 0 Explorer 0 Win Type - Total 0 Types 0/0/0/0/0/0/0/0/0 Lore% 2 Gallery% 14 Achievement% 14 Wizard Run 0 Options --------- Layout 1 ASCII 0 Keyboard 0 Movement Arrows Keybinds 0 Fullscreen 1 Font 24/Smallcaps Map View 50x35 Zoom Use 0% Tactical HUD 1 Map Filters NONE Filters NONE Steam 1 RUN: eaa7f86d-e295-4327-bf72-d95baed76073